 Dungeon Crawl Stone Soup version 0.13-a0-2960-g2f00e6d (webtiles) character file.

334852 Edwin the Eclecticist (level 21, -4/123 HPs)
             Began as a Mummy Venom Mage on Sept 1, 2013.
             Was the Champion of Sif Muna.
             Slain by an ettin
             ... wielding a +0,+0 great mace
              (46 damage)
             ... on Level 4 of the Vaults on Sept 6, 2013.
             The game lasted 12:23:42 (131687 turns).

Edwin the Eclecticist (Mummy Venom Mage)          Turns: 131687, Time: 12:23:42

HP  -4/123       AC  9     Str 11      XL: 21   Next: 24%
MP   5/41        EV 16     Int 24      God: Sif Muna [******]
Gold 1148        SH 12     Dex 15      Spells: 10 memorised,  2 levels left

Res.Fire  : + . .   See Invis. : .   t - staff of wizardry
Res.Cold  : + + .   Warding    : +   f - +1 robe {rC+ rF+}
Life Prot.: + + +   Conserve   : .   w - +1 elf buckler
Res.Poison: +       Res.Corr.  : .   a - +2 wizard hat {Int+3}
Res.Elec. : .       Clarity    : .   C - +0 cloak
Sust.Abil.: + .     Spirit.Shd : .   A - +2 pair of gloves {Dex+3}
Res.Mut.  : .       Stasis     : .   (no boots)
Res.Rott. : +       Flight     : .   S - amulet of warding
Saprovore : . . .                    k - ring of sustain abilities
                                     h - ring "Graxkupiph" {rF+ Dam+5}

@: deflect missiles (expiring), very slightly contaminated, hasted, very quick,
very resistant to hostile enchantments, fairly stealthy
A: no food or potions, fire vulnerability, in touch with death, restore body,
cold resistance 1, life protection 3, poison resistance, torment resistance,
unbreathing
a: Self-Restoration, Channel Energy, Forget Spell, Renounce Religion
}: 1/15 runes: barnacled


You were on level 4 of the Vaults.
You worshipped Sif Muna.
Sif Muna was exalted by your worship.
You were not hungry.

You visited 8 branches of the dungeon, and saw 50 of its levels.

You collected 4545 gold pieces.
You spent 3417 gold pieces at shops.

Inventory:

Hand weapons
 d - the +8,+8 mace "Pluepec" {crush, Str+2 Int+3}
   (You found it on level 5 of the Shoals)

   It inflicts extra damage upon your enemies.
   It affects your strength (+2).
   It affects your intelligence (+3).
 g - a +3,+0 dagger of protection (quivered)
 J - the +9,+9 dagger of Fate {speed, rF+}
   (You bought it in a shop on level 13 of the Dungeon)

   Attacks with this weapon take half as long, but cause slightly less damage.
   It protects you from fire.
Armour
 a - a +2 wizard hat of intelligence (worn)
 f - a +1 robe of resistance (worn)
 u - the +3 robe of Clouds {+Fly rElec}
   (You bought it in a shop on level 2 of the Vaults)

   It insulates you from electricity.
   It lets you fly.
 w - a +1 elven buckler (worn)
 A - a +2 pair of gloves of dexterity (worn)
 C - a +0 cloak (worn)
 F - a +1 helmet of see invisible
Magical devices
 b - a wand of draining (6)
 j - a wand of teleportation (1)
 l - a wand of lightning (3)
 m - a wand of digging (15)
 x - a wand of digging (6)
 y - a wand of lightning (11)
 B - a wand of heal wounds (4) {unknown}
 G - a wand of disintegration (7)
 I - a wand of invisibility (4)
 M - a wand of fire (5)
 Q - a wand of polymorph (4)
Scrolls
 c - a scroll of summoning
 e - 4 scrolls of remove curse
 n - 2 scrolls of fog
 z - 2 scrolls of teleportation
 E - a scroll of recharging
 H - 2 scrolls of identify
Jewellery
 h - the ring "Graxkupiph" (left hand) {rF+ Dam+5}
   (You found it on level 3 of the Elven Halls)

   [ring of protection from fire]

   It affects your damage-dealing abilities (+5).
 i - an uncursed amulet of conservation
 k - a ring of sustain abilities (right hand)
 p - an uncursed ring of protection from cold
 q - an uncursed amulet of resist corrosion
 s - an uncursed ring of ice
 S - an amulet of warding (around neck)
Books
 o - Sif Muna's Tome of Attacks and Cold
   (Sif Muna gifted it to you on level 2 of the Vaults)

   Spells                             Type                      Level
   Throw Frost                        Conjuration/Ice              2
   Sticky Flame                       Conjuration/Fire             4
   *Poison Arrow                      Conjuration/Poison           6
   Bolt of Cold                       Conjuration/Ice              6
 v - a book of Enchantments

   Spells                             Type                      Level
   Cause Fear                         Hexes                        4
   Silence                            Hexes/Air                    5
   Tukima's Dance                     Hexes                        5
   *Deflect Missiles                  Charms/Air                   6
   *Haste                             Charms                       6
   Discord                            Hexes                        8
 D - Sif Muna's Disquisition on Arcane Weapons
   (Sif Muna gifted it to you on level 4 of the Vaults)

   Spells                             Type                      Level
   Sting                              Conjuration/Poison           1
   Shock                              Conjuration/Air              1
   Magic Dart                         Conjuration                  1
   Sticky Flame                       Conjuration/Fire             4
   Force Lance                        Conjuration                  5
Magical staves
 r - an uncursed staff of poison
 t - an uncursed staff of wizardry (weapon)


   Skills:
 - Level 7.3 Dodging
 - Level 1.5 Stealth
 - Level 5.0 Shields
 + Level 16.4 Spellcasting
 - Level 16.1 Conjurations
 - Level 9.3 Charms
 + Level 12.1 Translocations
 + Level 11.3 Air Magic
 - Level 11.5 Poison Magic
 + Level 9.9 Invocations


You had 2 spell levels left.
You knew the following spells:

 Your Spells              Type           Power        Failure   Level  Hunger
a - Control Teleport      Chrm/Tloc      ######....   1%          4    N/A
b - Mephitic Cloud        Conj/Pois/Air  ######..     1%          3    N/A
c - Lightning Bolt        Conj/Air       ######....   1%          5    N/A
d - Haste                 Chrm           ######..     4%          6    N/A
e - Iskenderun's Mystic   Conj           #######.     1%          4    N/A
f - Poison Arrow          Conj/Pois      ######....   1%          6    N/A
g - Flight                Chrm/Air       ######....   1%          3    N/A
h - Deflect Missiles      Chrm/Air       ######....   3%          6    N/A
i - Poisonous Cloud       Conj/Pois/Air  ######....   1%          6    N/A
k - Controlled Blink      Tloc           N/A          6%          7    N/A

Dungeon Overview and Level Annotations

Branches:
Dungeon (20/27)            Temple (1/1) D:6             Orc (4/4) D:10
    Elf (3/3) Orc:4          Lair (8/8) D:12         Shoals (5/5) Lair:3
 Spider (5/5) Lair:6        Slime (0/6) Lair:7       Vaults (4/5) D:15
  Blade (0/1) Vaults:3      Crypt (0/5) Vaults:3

Altars:
Ashenzari
Cheibriados
Elyvilon
Fedhas
Kikubaaqudgha
Makhleb
Nemelex Xobeh
Okawaru
Sif Muna
Trog
Vehumet
Xom
Yredelemnul
Zin
the Shining One
Beogh

Shops:
D:8 *   D:9 (*   D:13 ([   D:18 }   D:20 !   Orc:2 *   Orc:3 (   Orc:4 *[+!
Elf:2 [   Shoals:5 [(*=   Vaults:2 ++[*/

Portals:
Trove: Elf:2 (give 6 scrolls of blinking)

Annotations:
D:18 exclusion: silver statue
D:19 exclusion: downstairs
D:20 Mara; Sojobo
Lair:3 patman's ghost, powerful TrMo
Spider:1 exclusion: Roxanne, Roxanne
Vaults:2 Boris


Innate Abilities, Weirdness & Mutations

You do not eat or drink.
Your flesh is vulnerable to fire.
You are in touch with the powers of death.
You can restore your body by infusing magical energy.
Your flesh is cold resistant.
You are immune to negative energy.
Your system is resistant to poisons.
You are immune to unholy pain and torment.
You can survive without breathing.


Message History

The white ugly thing is engulfed in poison gas.
The ettin closely misses you. The ettin hits you with a great mace!
Casting: Poisonous Cloud
Confirm with . or Enter, or press ? or * to list all spells.
Aiming: Haste
Press: ? - help, Shift-Dir - straight line, f - you, p - ettin You feel yourself speed up.
Found a scroll of remove curse.
A deep troll shaman comes into view.
You feel a bit more experienced.
The deep troll shaman calls upon its god to strengthen something.
There is a stone staircase leading up here.
Casting: Haste
Confirm with . or Enter, or press ? or * to list all spells.
Aiming: Poison Arrow
Press: ? - help, Shift-Dir - straight line, f - ettin
Aim: an ettin, wielding two great maces (lightly wounded, poisoned)
The poison arrow misses the ettin.
The ettin hits you with a great mace!
You die...

#......
######+#'#####
#........#
########........#
#......#..T.....# #.
#......#........# ##
#..#......'........#
#.
#?.'......#...%....#
#. #...@..###§######
#. #....C.#§@§§..#
#. +...(..#§§§§..#
#. #......'@.§...#
#. #......#......#
#. #......#......#
#. #......#......#
#. ###############
##


You could see an ironheart preserver, an ettin and a deep troll shaman.

Vanquished Creatures
  Margery (Spider:5)
  Norris (Vaults:2)
  Xtahua (Vaults:3)
  Frederick (Spider:5)
  Nikola (Spider:1)
  Arachne (Spider:2)
  3 krakens
  An eldritch tentacle (D:18)
  2 sphinxes
  Rupert (D:16)
  Agnes (D:20)
  Frances (Spider:5)
  3 tengu reavers
  A shadow dragon (Vaults:3)
  Ilsuiw (Shoals:5)
  2 deep elf sorcerers
  Donald (Orc:4)
  Wiglaf (Spider:2)
  Louise (Spider:2)
  3 vault wardens (Vaults:3)
  An orc warlord (Elf:1)
  Gastronok (Lair:1)
  2 emperor scorpions (Spider:5)
  An ancient bear (shapeshifter) (D:14)
  Jorgrun (D:19)
  4 stone giants
  2 deep elf demonologists
  A deep elf annihilator (Elf:3)
  4 eidola (D:18)
  The ghost of runewalsh the Unseen, a powerful OpWz of Nemelex Xobeh (Lair:8)
  Azrael (Spider:2)
  6 merfolk javelineers (Shoals:5)
  2 deep elf death magi
  Snorg (Elf:2)
  A minotaur (shapeshifter) (D:18)
  2 vault guards (Vaults:3)
  An ettin (D:18)
  7 merfolk impalers
  2 great orbs of eyes
  7 yaktaur captains
  2 ravenous feature mimics
  4 sirens
  A great orb of eyes (shapeshifter) (Vaults:1)
  A dragon (Vaults:2)
  Fannar (Orc:4)
  Harold (D:13)
  3 ironheart preservers (Vaults:3)
  Josephine (D:16)
  4 ice dragons
  13 hydras
  3 merfolk aquamancers (Shoals:5)
  Nessos (D:13)
  13 ogre magi
  An alligator snapping turtle (Shoals:5)
  A death yak (shapeshifter) (D:15)
  3 orc high priests
  23 centaur warriors
  3 very ugly things
  A rakshasa (D:18)
  5 hell knights
  A fire crab (D:18)
  Nergalle (Orc:3)
  A fire crab (shapeshifter) (D:15)
  2 catoblepae
  15 deep elf knights
  A water nymph (shapeshifter) (D:18)
  17 sea snakes
  2 giant orange brains
  3 ball lightnings (D:18)
  2 storm dragon skeletons
  A giant orange brain (shapeshifter) (Vaults:2)
  4 unseen horrors
  A wizard (D:18)
  15 hill giants
  3 giant amoebae
  3 necromancers
  A sphinx zombie (Vaults:1)
  14 deep elf conjurers
  31 wolf spiders
  26 orc knights
  A phantasmal warrior (D:16)
  25 harpies
  10 orc sorcerers
  A fire giant zombie (D:18)
  A shining eye (shapeshifter) (D:18)
  A frost giant zombie (Vaults:3)
  5 sixfirhies (D:18)
  11 black mambas
  6 griffons
  2 stone giant zombies (Vaults:3)
  A spiny worm (shapeshifter) (Elf:1)
  5 ironbrand convokers
  A fire giant skeleton (Vaults:2)
  3 sphinx skeletons
  9 red wasps
  16 cyclopes
  3 stone golems
  2 moths of wrath (shapeshifter)
  16 elephants
  A red wasp (shapeshifter) (D:15)
  4 spiny worms
  An elephant (shapeshifter) (D:18)
  12 deep elf summoners
  Maurice (D:9)
  5 vault sentinels
  4 stone giant skeletons
  3 frost giant skeletons
  14 spiny frogs
  A vapour (D:18)
  Psyche (Orc:4)
  A brown ooze (D:18)
  5 fire drakes
  14 demonic crawlers
  A naga mage (D:18)
  13 mermaids
  An iron troll zombie (D:17)
  12 komodo dragons
  22 yaktaurs
  23 blink frogs
  4 harpy zombies
  2 spriggans (shapeshifter)
  19 orb spiders
  2 iron troll skeletons
  Sonja (Spider:1)
  5 deep elf priests
  7 trolls
  A wind drake (shapeshifter) (Vaults:3)
  A sphinx simulacrum (Vaults:1)
  22 two-headed ogres
  51 slime creatures
  2 polar bears
  Prince Ribbit (D:7)
  39 jumping spiders
  2 hydra skeletons
  A grizzly bear (Lair:4)
  A baby alligator (shapeshifter) (D:18)
  21 snapping turtles
  A dragon zombie (D:15)
  3 wyverns
  6 boulder beetles
  2 ettin zombies
  8 basilisks
  An octopode (shapeshifter) (D:13)
  12 trapdoor spiders
  A grizzly bear (shapeshifter) (Elf:1)
  27 yaks
  A redback (shapeshifter) (D:18)
  2 water elementals (D:14)
  A dragon skeleton (D:15)
  4 wraiths
  3 fire elementals (Spider:2)
  2 griffon skeletons
  2 ettin skeletons
  3 hill giant zombies
  9 sharks
  15 deep elf magi
  4 elephant slugs
  3 steam dragons
  47 redbacks
  38 tarantellas
  A spiny worm zombie (D:16)
  A hungry ghost (D:15)
  80 ugly things
  2 merfolk (shapeshifter)
  6 necrophages
  Grum (D:12)
  3 vampires
  A clay golem (D:18)
  A golden eye (D:18)
  3 hill giant skeletons
  21 hippogriffs
  3 mottled dragons
  58 merfolk
  25 deep elf fighters
  4 spatial vortices (D:18)
  28 vampire mosquitoes
  8 rock worms
  3 soldier ants
  2 deep troll zombies
  21 wolves
  13 manticores
  A hydra simulacrum (D:20)
  11 porcupines
  2 swamp drakes (Lair:8)
  A rock worm (shapeshifter) (D:18)
  57 orc warriors
  2 gargoyles
  A black bear (Lair:4)
  5 hell hounds
  18 giant goldfish
  A swamp drake (shapeshifter) (D:18)
  3 deep troll skeletons (Vaults:3)
  A giant amoeba simulacrum (D:16)
  6 ice beasts
  A sky beast (shapeshifter) (D:18)
  A sky beast (D:5)
  43 ogres
  3 rotting devils
  3 boring beetles
  47 centaurs
  14 crocodiles
  29 giant frogs
  2 yaktaur zombies
  13 giant slugs
  A glowing shapeshifter simulacrum (Vaults:2)
  Blork the orc (D:6)
  A giant slug zombie (D:15)
  A gnoll sergeant (D:8)
  A wyvern zombie (D:12)
  10 wargs
  14 agate snails
  A yaktaur skeleton (D:20)
  4 big kobolds
  A cyclops zombie (D:12)
  A manticore zombie (D:12)
  3 insubstantial wisps (D:18)
  An eye of draining (D:16)
  15 water moccasins
  A cyclops skeleton (D:14)
  2 yak zombies (D:12)
  2 elves (shapeshifter)
  2 yak skeletons
  2 hippogriff zombies (Shoals:5)
  21 killer bees
  13 jellyfish
  4 wights (D:12)
  17 electric eels
  7 jellies
  3 crimson imps
  A giant frog zombie (D:12)
  6 goliath beetles
  22 hounds
  45 spiders
  33 orc priests
  9 big fish
  A two-headed ogre zombie (D:13)
  10 worker ants
  11 iguanas
  9 scorpions
  49 orc wizards
  9 orange rats
  6 lightning spires (D:18)
  2 mottled dragon zombies
  36 sheep
  A shapeshifter simulacrum (D:15)
  A mottled dragon skeleton (D:17)
  6 boggarts
  A worker ant zombie (D:6)
  69 green rats
  34 adders
  8 giant centipedes
  8 gnolls
  A giant mite (Lair:8)
  An inept feature mimic (D:5)
  9 worms
  2 ufetubi (Orc:3)
  An adder skeleton (D:5)
  4 giant eyeballs
  11 giant geckos
  5 oozes (D:11)
  222 orcs
  An orc (shapeshifter) (D:18)
  3 giant cockroaches
  24 goblins
  25 hobgoblins
  55 jackals
  32 kobolds
  23 quokkas
  5 ball pythons
  32 bats
  A giant gecko zombie (D:5)
  7 giant newts
  2 giant spores
  A jackal skeleton (D:5)
  A kobold skeleton (D:6)
  An orc zombie (D:6)
  A quokka zombie (D:6)
  17 rats
  5 ballistomycetes
  2 fungi
  3 plants
  10 tentacles
2503 creatures vanquished.

Vanquished Creatures (collateral kills)
  An orb spider (Spider:5)
  A redback (Spider:5)
  2 golden eyes (D:18)
  A black bear (D:18)
5 creatures vanquished.

Vanquished Creatures (others)
  A deep elf knight (Vaults:2)
  A deep elf conjurer (Elf:3)
  A blue devil (D:18)
  2 shadows (D:18)
  A grizzly bear (shapeshifter) (D:18)
  A shark (Shoals:5)
  A golden eye (D:18)
  A deep elf fighter (Vaults:1)
  7 spatial vortices (D:18)
  A tengu (shapeshifter) (D:18)
  A crimson imp (D:18)
  A quasit (D:18)
  A shadow imp (D:18)
  A white imp (D:18)
  An orc (Orc:1)
  A goblin (Orc:1)
  5 giant spores
  3 ballistomycetes (D:14)
  520 eldritch tentacle segments (D:18)
  21 fungi
  14 plants
  18 tentacles
  469 tentacle segments
1073 creatures vanquished.

Grand Total: 3581 creatures vanquished

Notes
Turn   | Place    | Note
--------------------------------------------------------------
     0 | D:1      | Edwin, the Mummy Venom Mage, began the quest for the Orb.
     0 | D:1      | Reached XP level 1. HP: 13/13 MP: 3/3
   350 | D:1      | Reached XP level 2. HP: 11/19 MP: 0/4
  1609 | D:2      | Reached XP level 3. HP: 24/24 MP: 5/7
  1614 | D:2      | Learned a level 3 spell: Mephitic Cloud
  2044 | D:2      | Found an ancient bone altar of Kikubaaqudgha.
  2045 | D:2      | Found a blossoming altar of Fedhas.
  2347 | D:3      | Found a shattered altar of Ashenzari.
  2561 | D:3      | Reached XP level 4. HP: 30/30 MP: 6/9
  2589 | D:3      | Learned a level 4 spell: Olgreb's Toxic Radiance
  2768 | D:3      | Reached skill level 1 in Conjurations
  3280 | D:3      | Reached skill level 1 in Air Magic
  3642 | D:3      | Found a bloodstained altar of Trog.
  4131 | D:4      | Reached XP level 5. HP: 30/35 MP: 8/11
  4553 | D:4      | Noticed an ogre
  4566 | D:4      | Killed an ogre
  4566 | D:4      | Reached XP level 6. HP: 41/41 MP: 0/13
  5348 | D:4      | Found a burning altar of Makhleb.
  5348 | D:4      | Noticed a blizzard demon
  5637 | D:5      | Entered Level 5 of the Dungeon
  5650 | D:5      | Reached skill level 4 in Spellcasting
  6054 | D:5      | Paralysed by a giant eyeball for 2 turns
  6606 | D:5      | Reached XP level 7. HP: 46/46 MP: 3/16
  7649 | D:6      | Found a staircase to the Ecumenical Temple.
  7658 | Temple   | Entered the Ecumenical Temple
  7835 | Temple   | Became a worshipper of Sif Muna the Loreminder
  7970 | D:6      | Paralysed by a giant eyeball for 3 turns
  8236 | D:6      | Noticed Blork the orc
  8355 | D:6      | Killed Blork the orc
  8915 | D:6      | Noticed a yak
  8916 | D:6      | Noticed a yak
  8917 | D:6      | Noticed a yak
  8939 | D:6      | Killed a yak
  8939 | D:6      | Reached skill level 5 in Spellcasting
  8939 | D:6      | Reached XP level 8. HP: 48/52 MP: 2/19
  9258 | D:6      | Noticed a yak
  9270 | D:6      | Killed a yak
  9270 | D:6      | Acquired Sif Muna's first power
  9270 | D:6      | Reached skill level 5 in Poison Magic
  9978 | D:6      | Killed a yak
  9989 | D:6      | Killed a yak
 10696 | D:7      | Noticed Prince Ribbit
 10733 | D:7      | Killed Prince Ribbit
 10733 | D:7      | Acquired Sif Muna's second power
 10733 | D:7      | Reached skill level 6 in Spellcasting
 10733 | D:7      | Reached XP level 9. HP: 57/57 MP: 10/21
 11015 | D:8      | Reached skill level 5 in Conjurations
 11283 | D:8      | Reached skill level 1 in Invocations
 11611 | D:7      | Learned a level 5 spell: Venom Bolt
 11884 | D:8      | Found a glowing golden altar of the Shining One.
 12062 | D:8      | Found Muppanna's Assorted Antiques.
 12286 | D:8      | Found a blossoming altar of Fedhas.
 12918 | D:9      | Learned a level 4 spell: Iskenderun's Mystic Blast
 13130 | D:9      | Reached skill level 5 in Dodging
 13331 | D:9      | Found Shruelal's Assorted Antiques.
 13378 | D:9      | Reached XP level 10. HP: 63/63 MP: 24/24
 13400 | D:9      | Reached skill level 7 in Spellcasting
 13545 | D:9      | Noticed Maurice
 13725 | D:9      | Bought a pair of runed gloves for 30 gold pieces
 13725 | D:9      | Bought a runed leather armour for 50 gold pieces
 13786 | D:9      | Killed Maurice
 14048 | D:9      | Found Ceumoan's Antique Weapon Shop.
 14625 | D:10     | Entered Level 10 of the Dungeon
 14917 | D:10     | Found a staircase to the Orcish Mines.
 15465 | D:10     | Noticed a hill giant
 15470 | D:10     | Killed a hill giant
 15682 | D:10     | Acquired Sif Muna's third power
 16332 | Orc:1    | Entered Level 1 of the Orcish Mines
 17020 | Orc:3    | Found Jurovom's Weapon Emporium.
 17026 | Orc:3    | Noticed Nergalle
 17030 | Orc:3    | Killed Nergalle
 17352 | Orc:2    | Found a bloodstained altar of Trog.
 17380 | Orc:2    | Found Ryiwnuse's General Store.
 17688 | Orc:2    | Reached XP level 11. HP: 63/68 MP: 2/26
 17922 | Orc:2    | Reached skill level 8 in Spellcasting
 18633 | D:11     | Noticed a hill giant
 18639 | D:11     | Killed a hill giant
 19314 | D:11     | Noticed a six-headed hydra
 20011 | D:11     | Reached skill level 5 in Invocations
 20780 | D:12     | Noticed Grum
 20794 | D:12     | Killed Grum
 20961 | D:12     | Found a staircase to the Lair.
 21104 | D:12     | Found an ancient bone altar of Kikubaaqudgha.
 21257 | D:12     | Noticed a five-headed hydra
 21441 | Lair:1   | Entered Level 1 of the Lair of Beasts
 21598 | Lair:1   | Noticed Gastronok
 21668 | D:13     | Noticed Harold
 21687 | D:13     | Killed Harold
 21956 | D:13     | Noticed Nessos
 22164 | D:13     | Killed Nessos
 22313 | D:13     | Found Muifiank's Specialty Armours.
 22685 | D:13     | Noticed a hill giant
 22700 | D:13     | Killed a hill giant
 23050 | D:13     | Found Stef's Antique Weapon Shop.
 23059 | D:13     | Bought a shimmering dagger for 252 gold pieces
 23060 | D:13     | Identified the +9,+9 dagger of Fate {speed, rF+} (You bought it in a shop on level 13 of the Dungeon)
 24731 | D:14     | Entered Level 14 of the Dungeon
 25616 | D:14     | Reached XP level 12. HP: 74/74 MP: 24/28
 25770 | D:13     | Upgraded the game from 0.13-a0-2910-g7a74111 to 0.13-a0-2911-g4e06f6f
 25842 | D:12     | Reached skill level 9 in Spellcasting
 25989 | Lair:1   | Edwin: so =)
 25994 | Lair:1   | topse123: ist das Gelbe dein Umhang?
 25996 | Lair:1   | Edwin: nee11
 25996 | Lair:1   | topse123: oh, jetzt issts weg
 26003 | Lair:1   | topse123: ah, die Treppe xD
 26003 | Lair:1   | Edwin: omg
 26003 | Lair:1   | topse123: geh halt hoch
 26003 | Lair:1   | Edwin: ach
 26005 | D:12     | topse123: :D
 26005 | D:12     | topse123: aber haust du den um?
 26005 | D:12     | Edwin: kA, aber hab keine wahl
 26005 | D:12     | Edwin: außer runter und ne tele lesen
 26005 | D:12     | Edwin: im dungeon gehts kaum weiter
 26005 | D:12     | Edwin: bin shcon im d14
 26108 | D:12     | topse123: hm, jo
 26108 | D:12     | topse123: aber haste nen Plan?
 26108 | D:12     | topse123: :D
 26108 | D:12     | Edwin: na ja entweder cloud
 26108 | D:12     | Edwin: oder tele :D
 26108 | D:12     | topse123: k
 26108 | D:12     | Edwin: alter
 26108 | D:12     | Edwin: 40 dmg im nahkampf
 26108 | D:12     | Edwin: HD20
 26108 | D:12     | Edwin: den verwirr ich NIE
 26108 | D:12     | topse123: im wiki steht, dass cloud funzt
 26108 | D:12     | Edwin: na ja poison cloud
 26108 | D:12     | Edwin: macht ja dmg
 26108 | D:12     | topse123: achso
 26108 | D:12     | topse123: aber da steht "works wonders on him"
 26108 | D:12     | Edwin: ja DMG
 26108 | D:12     | Edwin: ich meine
 26108 | D:12     | Edwin: nach der tele scroll kann ich ja immernoch wider hingehen und es mal versuchn wenn ich weiter bin
 26108 | D:12     | Edwin: im L:1 sollte ja sonst nichts passieren
 26108 | D:12     | topse123: jop, ausser du musst fliehen
 26108 | D:12     | Edwin: wennn keine hydra kommt...
 26108 | D:12     | topse123: ja, eigentlich nicht
 26108 | D:12     | topse123: und sonst kannst du ihm auch so wegrennen, wenn er nicht neben der Treppe steht
 26108 | D:12     | topse123: haha
 26108 | D:12     | Edwin: na ja der hat airstrike
 26108 | D:12     | Edwin: haha wegen hydra?
 26108 | D:12     | Edwin: oder wieso?
 26108 | D:12     | topse123: jo ich sehs
 26108 | D:12     | topse123: hydra ^^
 26108 | D:12     | Edwin: ?
 26108 | D:12     | Edwin: die kill ich nciht
 26108 | D:12     | Edwin: habs shcon versucht :D
 26108 | D:12     | topse123: k
 26108 | D:12     | topse123: kp ...
 26108 | D:12     | topse123: :P
 26108 | D:12     | Edwin: bin für ne tele
 26108 | D:12     | topse123: jop, ich auch
 26108 | D:12     | Edwin: lesen, 2 mal warten und dann runter?
 26108 | D:12     | topse123: kp
 26108 | D:12     | Edwin: :D
 26108 | D:12     | topse123: in LOS wird er sicher noch bleiben ...
 26111 | D:12     | topse123: 2x Enchant III
 26111 | D:12     | topse123: tzt
 26130 | D:12     | topse123: ach so hast du das gemeint, na ich glaub du ueberlebst schon 3 runden neben ihm
 26323 | D:12     | topse123: lol
 26341 | D:12     | topse123: und da willst du im Lair weiterkommen?
 26490 | Lair:1   | Edwin: alter
 26490 | Lair:1   | topse123: :D
 26490 | Lair:1   | Edwin: es läuft halt schlecht :D
 26492 | Lair:1   | topse123: alles klar
 26503 | Lair:1   | topse123: jo, kann passieren ^^
 26751 | Lair:1   | topse123: und wenn du immer ganz knapp am LOS von Gastronok bleibst?
 26759 | Lair:1   | topse123: kannste ihn dann angreien?
 26762 | Lair:1   | topse123: dann gehste einfach immer eins zurueck
 26762 | Lair:1   | Edwin: mit gift ja
 26767 | Lair:1   | topse123: hm
 26771 | Lair:1   | topse123: dann halt immer wieder vergiften xD
 26887 | Lair:1   | Edwin: der reggt sicher schneller :D
 26887 | Lair:1   | Edwin: aber ja, versuchen kann mans
 26887 | Lair:1   | topse123: hm, stimmt vllt
 26901 | Lair:1   | topse123: ja, musst nich
 26918 | Lair:1   | topse123: hast du das amulett schon?
 26922 | Lair:1   | Edwin: ja
 27228 | Lair:1   | Edwin: drauf!? :D
 27229 | Lair:1   | topse123: kp
 27230 | Lair:1   | topse123: kannst ja immer weg
 27234 | Lair:1   | topse123: bei <50 hp wuerd ich dann halt gehen
 27274 | Lair:1   | Edwin: erst das lvl fertig
 27274 | Lair:1   | Edwin: dann^^
 27525 | Lair:1   | topse123: lol
 27653 | Lair:1   | Edwin: ...
 27653 | Lair:1   | topse123: shout
 27656 | Lair:1   | topse123: s
 27733 | Lair:1   | topse123: hm
 27744 | Lair:1   | topse123: das haette jetzt auhch bloed ausgehen koennen :D
 27791 | Lair:1   | topse123: oder lass ihn halt
 27795 | Lair:1   | Edwin: 2k exp :D
 27795 | Lair:1   | topse123: :P
 27795 | Lair:1   | topse123: 1.5 Hydras ^^
 27795 | Lair:1   | Edwin: aber hast rescht... vllt kommt ja n guter liar =)
 27795 | Lair:1   | Edwin: danke ;)
 27795 | Lair:1   | topse123: hm xD
 27839 | Lair:2   | topse123: hab ja nur dumm gelabert ;)
 27840 | Lair:2   | topse123: aber hau rein
 27841 | Lair:2   | Edwin: jop
 27841 | Lair:2   | Edwin: cu
 29164 | Lair:2   | Received a gift from Sif Muna
 29167 | Lair:2   | Identified Sif Muna's Compendium of Contamination and Conjuration (Sif Muna gifted it to you on level 2 of the Lair of Beasts)
 29175 | Lair:2   | Learned a level 6 spell: Poison Arrow
 30051 | Lair:3   | Found a staircase to the Shoals.
 30081 | Lair:3   | Noticed patman's ghost (powerful TrMo)
 30398 | Lair:3   | Upgraded the game from 0.13-a0-2911-g4e06f6f to 0.13-a0-2923-g04ac8d1
 33072 | Lair:4   | Noticed a five-headed hydra
 33466 | Lair:4   | Reached skill level 10 in Conjurations
 34430 | Lair:3   | Received a gift from Sif Muna
 34436 | Lair:3   | Identified Cyhuis' Disquisition on Attacks (Sif Muna gifted it to you on level 3 of the Lair of Beasts)
 35145 | Lair:4   | Reached XP level 13. HP: 79/79 MP: 5/29
 36368 | Lair:4   | Killed a five-headed hydra
 36368 | Lair:4   | Reached skill level 11 in Conjurations
 38700 | Lair:6   | Found a hole to the Spider Nest.
 39488 | Lair:6   | Reached skill level 12 in Conjurations
 39629 | Lair:6   | Received a gift from Sif Muna
 39632 | Lair:6   | Identified Sif Muna's Catalogue of Conjuration and Flight (Sif Muna gifted it to you on level 6 of the Lair of Beasts)
 41105 | Lair:7   | Found a staircase to the Slime Pits.
 42602 | Lair:7   | Reached skill level 13 in Conjurations
 44525 | Lair:8   | Entered Level 8 of the Lair of Beasts
 44536 | Lair:8   | Noticed runewalsh's ghost (powerful OpWz)
 45117 | Lair:8   | Reached XP level 14. HP: 78/85 MP: 17/31
 45351 | Lair:8   | Received a gift from Sif Muna
 45354 | Lair:8   | Identified Sif Muna's Grimoire of Attacks (Sif Muna gifted it to you on level 8 of the Lair of Beasts)
 45786 | Lair:8   | Killed runewalsh's ghost
 46837 | Lair:8   | Reached skill level 14 in Conjurations
 49709 | Lair:8   | Received a gift from Sif Muna
 49745 | Lair:8   | Identified Sif Muna's Easy Witchery (Sif Muna gifted it to you on level 8 of the Lair of Beasts)
 49766 | Lair:8   | Learned a level 3 spell: Flight
 51385 | Lair:1   | Killed Gastronok
 51692 | Spider:1 | Entered Level 1 of the Spider Nest
 51695 | Spider:1 | Noticed Roxanne
 52043 | Spider:1 | Noticed Nikola
 52857 | D:14     | Reached skill level 1 in Charms
 54884 | D:15     | Entered Level 15 of the Dungeon
 54944 | D:15     | Reached skill level 10 in Spellcasting
 55509 | D:15     | Found a staircase to the Vaults.
 57070 | D:15     | Reached XP level 15. HP: 90/90 MP: 8/32
 57753 | D:15     | Received a gift from Sif Muna
 57756 | D:15     | Identified Nyxteud's Almanac of Combat Magic and Ice (Sif Muna gifted it to you on level 15 of the Dungeon)
 58102 | Vaults:1 | Entered Level 1 of the Vaults
 58209 | D:16     | Reached skill level 5 in Air Magic
 58446 | D:16     | Noticed Rupert
 58451 | D:16     | Killed Rupert
 59934 | D:16     | Noticed Josephine
 59936 | D:16     | Killed Josephine
 60614 | D:16     | Reached skill level 5 in Charms
 62467 | D:16     | Received a gift from Sif Muna
 62470 | D:16     | Identified Sif Muna's Volume of Flying Combat Magic (Sif Muna gifted it to you on level 16 of the Dungeon)
 67665 | D:18     | Reached XP level 16. HP: 96/96 MP: 21/34
 68966 | D:16     | Received a gift from Sif Muna
 69208 | D:16     | Identified Sif Muna's Reference Book on Arcane Weapons (Sif Muna gifted it to you on level 16 of the Dungeon)
 69341 | Lair:1   | Learned a level 6 spell: Deflect Missiles
 69435 | D:12     | Killed a five-headed hydra
 70828 | Orc:4    | Entered Level 4 of the Orcish Mines
 70980 | Orc:4    | Found a staircase to the Elven Halls.
 71000 | Orc:4    | Noticed Psyche
 71005 | Orc:4    | Killed Psyche
 71022 | Orc:4    | Noticed Donald
 71036 | Orc:4    | Killed Donald
 71779 | Orc:4    | Noticed Fannar
 71790 | Orc:4    | Killed Fannar
 71816 | Orc:3    | topse123: lol
 71821 | Orc:3    | Edwin: :D
 72018 | Orc:2    | topse123: hm, raeum ma lvl 4 aus
 72024 | Orc:2    | topse123: das hier is doch langweilig :P
 72040 | Orc:2    | Edwin: :D
 72040 | Orc:2    | Edwin: kk
 72108 | Orc:3    | topse123: cool :)
 72570 | Orc:4    | Found Shriha's Armour Shoppe.
 72570 | Orc:4    | Found Crykh's Distillery.
 72579 | Orc:4    | Found Warghima's General Store.
 72903 | Orc:4    | Found Kleira's Book Emporium.
 73135 | Orc:4    | Edwin: gg
 73140 | Orc:4    | topse123: alter, da warn echt n paar
 73140 | Orc:4    | Edwin: :D
 73143 | Orc:4    | topse123: zeig nochmal den potion
 73144 | Orc:4    | topse123: k
 73144 | Orc:4    | topse123: nix xD
 73144 | Orc:4    | Edwin: 1 min afk
 73144 | Orc:4    | topse123: jo, ich geh essen machen
 73144 | Orc:4    | topse123: thx ^^
 73145 | Orc:4    | Bought the Reference Book on Arcane Weapons for 605 gold pieces
 73153 | Orc:4    | Learned a level 6 spell: Poisonous Cloud
 74247 | Orc:3    | Upgraded the game from 0.13-a0-2923-g04ac8d1 to 0.13-a0-2926-g9203b68
 74465 | Elf:1    | Entered Level 1 of the Elven Halls
 75361 | Elf:1    | Received a gift from Sif Muna
 75703 | Elf:1    | Reached skill level 1 in Shields
 75753 | Elf:1    | Found a roughly hewn altar of Beogh.
 76845 | Elf:2    | Found Balinat's Armour Emporium.
 76845 | Elf:2    | Noticed Snorg
 76866 | Elf:2    | Found a shimmering altar of Xom.
 77410 | Elf:2    | Bought a +1 helmet of see invisible for 226 gold pieces
 77652 | Elf:2    | Killed Snorg
 77861 | Elf:2    | Found a portal to a secret trove of treasure.
 78053 | Elf:2    | Reached skill level 5 in Shields
 78498 | Elf:3    | Entered Level 3 of the Elven Halls
 79366 | Shoals:1 | Entered Level 1 of the Shoals
 80439 | Shoals:1 | Reached XP level 17. HP: 87/101 MP: 17/36
 83212 | Shoals:2 | Received a gift from Sif Muna
 83221 | Shoals:2 | Identified Sif Muna's Collected Works on Confrontation (Sif Muna gifted it to you on level 2 of the Shoals)
 85418 | Shoals:4 | Reached skill level 10 in Air Magic
 86628 | Shoals:5 | Entered Level 5 of the Shoals
 88519 | D:18     | Noticed an eldritch tentacle
 88723 | D:18     | Killed an eldritch tentacle
 88730 | D:18     | Identified Sif Muna's Papyrus of Helpful Displacement
 89321 | D:18     | Found Fraen's Gadget Emporium.
 90481 | D:18     | Reached skill level 15 in Conjurations
 91261 | D:18     | Reached skill level 10 in Poison Magic
 91267 | D:18     | Received a gift from Sif Muna
 91476 | D:18     | Identified Sif Muna's Volume of Conjuration (Sif Muna gifted it to you on level 18 of the Dungeon)
 91693 | D:18     | Identified the Collected Works on the Birds and Conjuration
 92214 | D:18     | Reached XP level 18. HP: 107/107 MP: 18/37
 94759 | D:19     | HP: 1/107 [orc knight/ bolt (15)]
 96035 | D:19     | Noticed Jorgrun
 96040 | D:19     | Killed Jorgrun
 96941 | D:20     | Entered Level 20 of the Dungeon
 96941 | D:20     | Found Klaaggesm's Distillery.
 97746 | Spider:1 | Killed Nikola
 97746 | Spider:1 | Received a gift from Sif Muna
 98061 | Spider:1 | Noticed Sonja
 98061 | Spider:1 | Killed Sonja
 99318 | Spider:2 | Noticed Wiglaf
100607 | Spider:2 | Noticed Arachne
100782 | Spider:2 | Killed Arachne
100978 | Spider:2 | Noticed Azrael
101202 | Spider:2 | Killed Azrael
101812 | Spider:2 | Killed Wiglaf
102051 | Spider:2 | Noticed Louise
102060 | Spider:2 | Killed Louise
104013 | Spider:4 | Reached skill level 15 in Spellcasting
105349 | Spider:5 | Entered Level 5 of the Spider Nest
105349 | Spider:5 | Noticed Frances
105353 | Spider:5 | Killed Frances
105353 | Spider:5 | Received a gift from Sif Muna
105356 | Spider:5 | Identified Novetun's Compendium of Attacks and Poison (Sif Muna gifted it to you on level 5 of the Spider Nest)
105737 | Spider:5 | Upgraded the game from 0.13-a0-2926-g9203b68 to 0.13-a0-2940-gab44624
106068 | Spider:4 | Reached XP level 19. HP: 81/112 MP: 8/39
106436 | Spider:5 | Noticed Frederick
106512 | Spider:5 | Killed Frederick
106512 | Spider:5 | Reached skill level 16 in Conjurations
108161 | Lair:1   | Learned a level 4 spell: Control Teleport
108378 | Spider:5 | Reached skill level 1 in Translocations
108474 | Spider:5 | Noticed Margery
109075 | Spider:5 | Killed Margery
109075 | Spider:5 | Received a gift from Sif Muna
109078 | Spider:5 | Identified Qippaol's Compendium of Enhancements (Sif Muna gifted it to you on level 5 of the Spider Nest)
110089 | Spider:5 | Edwin: ok
110089 | Spider:5 | Edwin: :D
110155 | Spider:5 | Edwin: meine fresse :D
110155 | Spider:5 | Edwin: ich hab echt wenig mana
110381 | Spider:5 | topse123: jop ...
110383 | Spider:5 | topse123: oder zu gute spells :P
110387 | Spider:5 | Edwin: ja ohne spell hunger geht das ganz easy :D
110403 | Spider:5 | Edwin: geht tele wenn ich HELD bin!? :D
110403 | Spider:5 | topse123: ich glaub ich wuerd das an deiner Stelle erstmal skippen
110403 | Spider:5 | Edwin: ^^
110403 | Spider:5 | topse123: bis du fire oder icestrom hast
110404 | Spider:5 | topse123: versuch das vieh noch zu killen
110409 | Spider:5 | topse123: ah geil :)
110409 | Spider:5 | Edwin: :D
110409 | Spider:5 | Edwin: na ja...
110409 | Spider:5 | Edwin: schade
110409 | Spider:5 | topse123: da gibts sowieso nicht viel loot
110409 | Spider:5 | Edwin: aber die motten sind silly
110409 | Spider:5 | topse123: bzw nix
110409 | Spider:5 | Edwin: da habsch null chance
110409 | Spider:5 | topse123: nur so komisches zeug zum essen
110409 | Spider:5 | Edwin: k
110409 | Spider:5 | topse123: bin raus ^^
110409 | Spider:5 | Edwin: na ja im dungeon kommen shcon stormdragon und son rotz
110409 | Spider:5 | Edwin: kk
110409 | Spider:5 | topse123: wow
110409 | Spider:5 | topse123: hm
110409 | Spider:5 | Edwin: D:20
110409 | Spider:5 | topse123: ja geht mir aber aehnlich ...
110409 | Spider:5 | Edwin: ^^
110409 | Spider:5 | topse123: miss glaub wieder ins Vaults ...
110409 | Spider:5 | Edwin: cu^^
110409 | Spider:5 | Edwin: hmn vllt
110409 | Spider:5 | topse123: ^^
110409 | Spider:5 | topse123: da sind so typen
110409 | Spider:5 | topse123: die zaubern 3 runden
110409 | Spider:5 | Edwin: jop
110409 | Spider:5 | Edwin: und dann kommt einer
110409 | Spider:5 | topse123: und dann teleportiern die verstaerkung
110409 | Spider:5 | Edwin: ^^
110409 | Spider:5 | Edwin: voll imba
110409 | Spider:5 | topse123: glaub das war das letzte mal mein probem
110409 | Spider:5 | Edwin: jop hatte den im letzten game auch
110409 | Spider:5 | Edwin: abgesehn vom tür-zuachen
110409 | Spider:5 | Edwin: das ist auch übel
110409 | Spider:5 | topse123: hm, jops
110409 | Spider:5 | Edwin: trau mich nciht =(
110409 | Spider:5 | Edwin: machs gut ;)
110409 | Spider:5 | topse123: kp wie schnell du die umhaun kannst
110409 | Spider:5 | Edwin: kA :D
110409 | Spider:5 | Edwin: in 2 schuss, aber ide müssen treffen :D
110409 | Spider:5 | topse123: hm :)
110409 | Spider:5 | topse123: nagut, hf ;)
110409 | Spider:5 | Edwin: u2
111316 | D:18     | Reached skill level 5 in Translocations
112871 | D:20     | Noticed Agnes
112873 | D:20     | Killed Agnes
113203 | D:20     | Noticed Sojobo
114023 | D:20     | Noticed Mara
115102 | Elf:2    | Received a gift from Sif Muna
116461 | Elf:3    | Found a deep blue altar of Sif Muna.
116546 | Elf:3    | Got a transparent ivory ring
116547 | Elf:3    | Identified the ring "Graxkupiph" {rF+ Dam+5} (You found it on level 3 of the Elven Halls)
116590 | Elf:3    | Noticed a deep elf blademaster
116903 | Lair:1   | Learned a level 7 spell: Controlled Blink
118093 | Lair:1   | Learned a level 4 spell: Control Teleport
118284 | Shoals:5 | Found Steta's Jewellery Shop.
118290 | Shoals:5 | Got an opalescent robe
118295 | Shoals:5 | Noticed Ilsuiw
118297 | Shoals:4 | Identified the +2 robe of the Nights {rF+ Stlth--} (You found it on level 5 of the Shoals)
118490 | Shoals:5 | Got an ancient mace
119334 | Shoals:5 | Killed Ilsuiw
119334 | Shoals:5 | Reached XP level 20. HP: 118/118 MP: 10/40
119664 | Shoals:4 | Upgraded the game from 0.13-a0-2940-gab44624 to 0.13-a0-2942-g3a822f8
119779 | Shoals:5 | Found Psuor's Armour Emporium.
120420 | Shoals:5 | Reached skill level 10 in Translocations
120438 | Shoals:5 | Got a barnacled rune of Zot
120566 | Shoals:5 | Bought a +1 robe of resistance for 152 gold pieces
120674 | Shoals:5 | Received a gift from Sif Muna
120680 | Shoals:5 | Identified Sif Muna's Collected Works on Attacks (Sif Muna gifted it to you on level 5 of the Shoals)
120816 | Shoals:5 | Found Toakhl Ydesk's Assorted Antiques.
120839 | Shoals:5 | Bought a scroll of teleportation for 81 gold pieces
120839 | Shoals:5 | Bought a scroll of identify for 54 gold pieces
121876 | Shoals:5 | Found Cuonek's Antique Weapon Shoppe.
122787 | Lair:1   | Identified the +8,+8 mace "Pluepec" {crush, Str+2 Int+3} (You found it on level 5 of the Shoals)
124131 | Lair:1   | Learned a level 5 spell: Lightning Bolt
125369 | Vaults:2 | Found Klamic's Magical Wand Boutique.
125484 | Vaults:2 | Noticed Norris
125507 | Vaults:2 | Killed Norris
125507 | Vaults:2 | Received a gift from Sif Muna
125510 | Vaults:2 | Identified Sif Muna's Tome of Attacks and Cold (Sif Muna gifted it to you on level 2 of the Vaults)
125850 | Vaults:2 | Found Aghaahut's General Store.
125853 | Vaults:2 | Bought an uncursed staff of wizardry for 425 gold pieces
125853 | Vaults:2 | Bought the +3 robe of Clouds {+Fly rElec} for 892 gold pieces
126433 | Vaults:2 | Found Vuraus' Book Shoppe.
126445 | Vaults:2 | Bought a book of Enchantments for 650 gold pieces
126454 | Vaults:2 | Learned a level 6 spell: Haste
126561 | Vaults:2 | Found Thraagom's Book Shoppe.
126791 | Vaults:2 | Found Psuch's Armour Boutique.
126926 | Vaults:2 | Noticed Boris
128214 | Vaults:3 | Found a staircase to the Crypt.
129535 | Vaults:3 | Reached XP level 21. HP: 121/123 MP: 27/41
129706 | Vaults:3 | Noticed Xtahua
129716 | Vaults:3 | Killed Xtahua
130377 | Vaults:3 | Found a staircase to the Hall of Blades.
131198 | Vaults:4 | Upgraded the game from 0.13-a0-2942-g3a822f8 to 0.13-a0-2960-g2f00e6d
131557 | Vaults:4 | Received a gift from Sif Muna
131560 | Vaults:4 | Identified Sif Muna's Disquisition on Arcane Weapons (Sif Muna gifted it to you on level 4 of the Vaults)
131687 | Vaults:4 | Slain by an ettin

Action                   |  1- 3 |  4- 6 |  7- 9 | 10-12 | 13-15 | 16-18 | 19-21 || total
-------------------------+-------+-------+-------+-------+-------+-------+-------++-------
Melee: Dagger            |    46 |    66 |   197 |   127 |   141 |    97 |       ||   674
       Spear             |       |     8 |       |       |       |       |       ||     8
       Staff             |       |       |       |       |       |     8 |    29 ||    37
Throw: Dagger            |     1 |     3 |       |     1 |     2 |     7 |     6 ||    20
       Spear             |       |     4 |       |       |       |       |       ||     4
       Hand axe          |       |       |       |     1 |       |       |       ||     1
 Cast: Sting             |    89 |   208 |   294 |   249 |    96 |    45 |     2 ||   983
       Mephitic Cloud    |     1 |     7 |    37 |    67 |    40 |    17 |    12 ||   181
       Olgreb's Toxic Ra |       |     2 |    26 |    61 |    50 |    71 |    21 ||   231
       Venom Bolt        |       |       |     5 |   198 |   415 |   262 |    82 ||   962
       Iskenderun's Myst |       |       |       |   312 |   629 |   364 |   232 ||  1537
       Poison Arrow      |       |       |       |     2 |    93 |   618 |   523 ||  1236
       Flight            |       |       |       |       |     3 |    97 |    65 ||   165
       Poisonous Cloud   |       |       |       |       |       |    10 |    47 ||    57
       Deflect Missiles  |       |       |       |       |       |    29 |   137 ||   166
       Control Teleport  |       |       |       |       |       |       |    21 ||    21
       Lightning Bolt    |       |       |       |       |       |       |   164 ||   164
       Haste             |       |       |       |       |       |       |    14 ||    14
       Controlled Blink  |       |       |       |       |       |       |     4 ||     4
Invok: Channel Energy    |       |       |    25 |   154 |   419 |   477 |  1141 ||  2216
       Forget Spell      |       |       |       |       |       |       |     2 ||     2
Evoke: Wand              |       |     1 |       |     3 |     8 |     8 |     2 ||    22
  Use: Scroll            |     3 |     8 |     6 |    14 |    15 |     9 |    18 ||    73
 Stab: Sleeping          |       |     1 |       |       |       |       |       ||     1
       Confused          |       |       |     1 |     1 |       |       |       ||     2
